 Dungeon Crawl Stone Soup version 0.24.0-13-gcf9b319 (webtiles) character file.

Game seed: 611280588447792995, levelgen mode: deterministic

345 prawnwizard the Sneak (level 6, -10/28 HPs)
             Began as a Spriggan Enchanter on Mar 4, 2020.
             Mangled by a wyvern zombie (15 damage)
             ... on level 6 of the Dungeon.
             The game lasted 00:10:39 (4826 turns).

prawnwizard the Sneak (Spriggan Enchanter)          Turns: 4826, Time: 00:10:39

Health: -10/28     AC:  2    Str:  4    XL:     6   Next: 32%
Magic:  12/12      EV: 20    Int: 16    God:
Gold:   134        SH:  0    Dex: 19    Spells: 6/12 levels left

rFire    . . .     SeeInvis +   a - +1 dagger
rCold    . . .     Gourm    .   (shield restricted)
rNeg     . . .     Faith    .   b - +0 robe
rPois    .         Spirit   .   (helmet restricted)
rElec    .         Reflect  .   (no cloak)
rCorr    .         Harm     .   (gloves unavailable)
MR       +....                  (boots unavailable)
Stlth    ++++......             (no amulet)
HPRegen  0.09/turn              (no ring)
MPRegen  0.13/turn              (no ring)

@: very quick
A: very small, unfitting armour, see invisible, herbivore, speed 3, slow
metabolism 2
a: no special abilities


You were on level 6 of the Dungeon.
You were not hungry.

You visited 1 branch of the dungeon, and saw 6 of its levels.

You collected 134 gold pieces.

Inventory:

Hand Weapons
 a - a +1 dagger (weapon)
Armour
 b - a +0 robe (worn)
Magical Staves
 n - an uncursed staff of conjuration {unknown}
Wands
 m - a wand of paralysis (7)
Scrolls
 c - 6 scrolls of identify {unknown}
 f - 2 scrolls of remove curse {unknown}
 g - 3 scrolls of amnesia {unknown}
 i - 3 scrolls of fog {unknown}
 k - a scroll of blinking {unknown}
 o - a scroll of random uselessness {unknown}
Potions
 e - a potion of heal wounds {unknown}
 h - 2 potions of curing {unknown}
 j - a potion of ambrosia {unknown}
 l - a potion of invisibility {unknown}
 p - a potion of lignification {unknown}
 q - a potion of agility {unknown}
Comestibles
 d - 6 rations


   Skills:
 * Level 3.8 Short Blades
 + Level 4.6 Dodging
 * Level 7.0 Stealth
 + Level 3.8 Spellcasting
 + Level 4.6 Hexes


You had 6 spell levels left.
You knew the following spells:

 Your Spells              Type           Power        Failure   Level  Hunger
a - Corona                Hex            ###....      2%          1    None
b - Ensorcelled Hibernat  Hex/Ice        ##....       10%         2    ##.....
c - Confuse               Hex            ###.....     8%          3    ###....

Your spell library contained the following spells:

 Spells                   Type           Power        Failure   Level  Hunger
 Tukima's Dance           Hex            ###.....     8%          3    ###....
 Dazzling Spray           Conj/Hex       ##....       21%         3    ###....


Dungeon Overview and Level Annotations

Branches:
Dungeon (6/15)
 Temple: D:4-7

Altars:
Qazlal


Innate Abilities, Weirdness & Mutations

You are very small and have problems with some larger weapons.
You are too small for most types of armour.
You have supernaturally acute eyesight. (SInv)
You are a herbivore.
You cover ground extremely quickly.
You need to consume almost no food.


Message History

The wyvern zombie is lightly damaged.
The wyvern zombie completely misses you.
You hit the wyvern zombie but do no damage.
The wyvern zombie is lightly damaged.
The wyvern zombie completely misses you.
You barely miss the wyvern zombie.
The wyvern zombie is lightly damaged.
The wyvern zombie closely misses you.
You hit the wyvern zombie but do no damage.
The wyvern zombie is lightly damaged.
The wyvern zombie bites you.
* * * LOW HITPOINT WARNING * * *
You completely miss the wyvern zombie.
The wyvern zombie is lightly damaged.
The wyvern zombie closely misses you. The wyvern zombie misses you.
You hit the wyvern zombie.
The wyvern zombie is lightly damaged.
The wyvern zombie bites you!
Ouch! That really hurt!
You die...

######..#
.....<.#
.#####.## ###
#..#######.##
##..........##
#...........##
#............##
##............#
#........@Z..#
##............#
##...........#
#.>.$........#
##...........#
##..........#
#..........#
##.........#


You could see a wyvern zombie.

Vanquished Creatures
  A scorpion (D:4)
  A howler monkey (D:4)
  Natasha (thrice) (D:3)
  A worker ant (D:4)
  Robin (D:3)
  8 adders
  An adder skeleton (D:4)
  3 worms
  2 dart slugs
  2 leopard geckos (D:4)
  An orc (D:4)
  6 bats
  3 giant cockroaches
  14 goblins
  4 hobgoblins
  4 jackals (D:3)
  A ball python (D:3)
  4 frilled lizards
  6 kobolds
66 creatures vanquished.

Notes
Turn   | Place    | Note
-------+----------+-------------------------------------------
     0 | D:1      | prawnwizard the Spriggan Enchanter began the quest for the
                  | Orb.
     0 | D:1      | Reached XP level 1. HP: 9/9 MP: 5/5
   561 | D:1      | Reached XP level 2. HP: 9/13 MP: 4/6
  1185 | D:2      | Reached skill level 5 in Stealth
  1242 | D:2      | Reached XP level 3. HP: 16/16 MP: 8/8
  1323 | D:2      | Learned a level 2 spell: Ensorcelled Hibernation
  1327 | D:2      | Learned a level 3 spell: Confuse
  2601 | D:3      | Reached XP level 4. HP: 11/21 MP: 0/9
  2769 | D:3      | Noticed Robin
  2846 | D:3      | Killed Robin
  3304 | D:3      | Noticed Natasha
  3310 | D:3      | Killed Natasha
  3310 | D:3      | Reached skill level 6 in Stealth
  3310 | D:3      | Reached XP level 5. HP: 18/24 MP: 7/11
  3344 | D:3      | Found a stormy altar of Qazlal.
  3346 | D:3      | Noticed an air elemental
  3347 | D:3      | Noticed a water elemental
  3347 | D:3      | Noticed a fire elemental
  3514 | D:3      | Noticed Natasha
  3532 | D:3      | Killed Natasha
  3797 | D:3      | Noticed Natasha
  3805 | D:3      | Killed Natasha
  4047 | D:4      | Noticed a phantom
  4325 | D:4      | Reached XP level 6. HP: 23/28 MP: 1/12
  4694 | D:4      | Reached skill level 7 in Stealth
  4703 | D:5      | Entered Level 5 of the Dungeon
  4826 | D:6      | Mangled by a wyvern zombie

Levels and vault maps discovered:
D:1:      tarquinn_simple_flora_water_e, layout_basic
D:2:      layout_loops_ring
D:3:      layout_loops_ring, nicolae_qazlal_style_of_elements, first_ration,
          uniq_robin, uniq_natasha
D:4:      layout_loops_ring, minmay_misc_feat_enclosed,
          chequers_serial_rivers_large_a, minmay_bent
D:5:      layout_basic, lemuel_doored_altar, cheibrodos_gnoll_hut
D:6:      layout_cave_pods, lemuel_coloured_pillars_altar, lemuel_round_altar,
          eat_drink_and_be_merry_uskayaw

Skill      XL: |  1  2  3  4  5  6 |
---------------+-------------------+-----
Short Blades   | 2 3 |  3.8
Stealth        | 5 6 7 |  7.0
Spellcasting   | 3 |  3.8
Hexes          | 4 |  4.6
Dodging        | 4 |  4.6

Action                   |  1- 3 |  4- 6 || total
-------------------------+-------+-------++-------
Melee: Dagger            |   128 |   194 ||   322
 Cast: Corona            |     7 |     2 ||     9
       Ensorcelled Hiber |    10 |    25 ||    35
       Confuse           |       |     3 ||     3
 Stab: Sleeping          |    16 |    15 ||    31
       Confused          |       |     1 ||     1
  Eat: Ration            |       |     2 ||     2
Armor: Robe              |    25 |     5 ||    30
Dodge: Dodged            |   162 |   149 ||   311
